 Dungeon Crawl Stone Soup version 0.30-a0-1157-g2cc9ac7196 (webtiles) character file.

Game seed: 17934927786045607341

758 jasper the Conjurer (level 7, 0/33 HPs)
             Began as a Spriggan Conjurer on Apr 24, 2023.
             Slain by a kobold
             ... wielding a +0 short sword of venom
              (2 damage)
             ... on level 6 of the Dungeon.
             The game lasted 00:08:39 (6042 turns).

jasper the Conjurer (Spriggan Conjurer)             Turns: 6042, Time: 00:08:39

Health: 0/33       AC:  4    Str:  3    XL:     7   Next: 50%
Magic:  3/13       EV: 18    Int: 21    God:
Gold:   219        SH:  0    Dex: 14    Spells: 3/13 levels left

rFire   . . .        y - +1 rapier (venom)
rCold   . . .        (no shield)
rNeg    . . .        a - +0 robe
rPois   .            p - +2 hat
rElec   .            (no cloak)
rCorr   .            (gloves unavailable)
SInv    +            (boots unavailable)
Will    ++...        (no amulet)
Stlth   +++          m - ring of willpower
HPRegen 0.25/turn    (no ring)
MPRegen 0.13/turn

%: no passive effects
@: lethally poisoned (0 -> -2), slowed, quick
A: very small, no large weapons, unfitting armour, see invisible, speed 3
a: no special abilities


You were on level 6 of the Dungeon.
You visited 2 branches of the dungeon, and saw 7 of its levels.

You collected 219 gold pieces.

Inventory:

Hand Weapons
 d - a +1 dagger
 s - a +3 falchion
 u - a +2 war axe of flaming
 y - a +1 rapier of venom (weapon)
Missiles
 n - 11 poisoned darts
Armour
 a - a +0 robe (worn)
 p - a +2 hat (worn)
Magical Staves
 A - a staff of cold
Jewellery
 m - a ring of willpower (left hand)
 o - a ring of flight
Wands
 h - a wand of charming (14)
Scrolls
 i - a scroll of fog
 t - a scroll of amnesia {unknown}
 v - a scroll of identify
Potions
 b - 2 potions of magic
 c - a potion of heal wounds
 e - a potion of might
 f - a potion of flight
 g - 2 potions of curing
 j - 2 potions of attraction {unknown}
 k - a potion of mutation {unknown}
 l - a potion of lignification {unknown}
 q - 2 potions of haste {unknown}
 r - 2 potions of brilliance {unknown}
 w - a potion of degeneration {unknown}
 x - a potion of berserk rage {unknown}
 z - a potion of ambrosia {unknown}


   Skills:
 + Level 1.1 Fighting
 + Level 3.6 Dodging
 + Level 4.0 Stealth
 + Level 3.5 Spellcasting
 - Level 6.0 Conjurations
 * Level 2.9 Hexes
 + Level 1.2 Earth Magic


You had 3 spell levels left.
You knew the following spells:

 Your Spells              Type           Power      Damage    Failure   Level
a - Magic Dart            Conj           100%       1d8       1%          1
b - Searing Ray           Conj           56%        2d6       1%          2
c - Fulminant Prism       Conj/Hex       11%        3d9       21%         4
d - Stone Arrow           Conj/Erth      38%        3d9       9%          3

Your spell library contained the following spells:

 Spells                   Type           Power      Damage    Failure   Level
 Dazzling Flash           Conj/Hex       44%        N/A       6%          3
 Sandblast                Erth           18%        2d7       8%          1
 Passwall                 Tmut/Erth      5%         N/A       14%         2
 Cigotuvi's Dreadful Rot  Necr/Pois/Air  6%         N/A       19%         2
 Ignite Poison            Fire/Tmut/Pois 3%         N/A       36%         3
 Iskenderun's Mystic Bla  Conj/Tloc      16%        2d5       36%         4
 Freezing Cloud           Conj/Ice/Air   6%         6-21      83%         5


Dungeon Overview and Level Annotations

Branches:
Dungeon (6/15)             Temple (1/1) D:6

Altars:
Cheibriados
Dithmenos
Fedhas
Hepliaklqana
Kikubaaqudgha
Nemelex Xobeh
Qazlal
Ru
Vehumet
Wu Jian
Xom
Zin

Annotations:
D:2 Terence
D:3 Sigmund


Innate Abilities, Weirdness & Mutations

You are very small and have problems with some larger weapons.
You are too small for most types of armour.
You have supernaturally acute eyesight. (SInv)
You cover ground extremely quickly. (Speed+++)


Message History

An adder comes into view.
Found a curved glowing staff.
You see here a staff of cold.
A - a staff of cold
Aiming: Magic Dart (safe; 1% risk of failure)
Press: ? - help, Q - select action, (/) - cycle Shift-Dir - straight line, f/p - kobold brigand
Aim: a kobold brigand, wielding a +0 whip and quivering curare-tipped darts (moderately wounded, 100% to hit)
The magic dart hits the kobold brigand.
The kobold brigand is heavily wounded.
The kobold brigand throws a curare-tipped dart.
The curare-tipped dart misses you.
You now have 2/13 mp.
The kobold brigand throws a curare-tipped dart.
The curare-tipped dart hits you.
You are poisoned.
You have difficulty breathing.
You feel yourself slow down.
You take 9 damage, and have 20/33 hp.
MASSIVE DAMAGE!!
You feel very sick.
You take 3 damage, and have 17/33 hp.
You feel sick.
The kobold shouts!
You hear an angry hiss.
You take 1 damage, and have 16/33 hp.
You closely miss the kobold brigand.
The kobold brigand is moderately wounded.
You feel very sick. The kobold closely misses you.
The kobold brigand barely misses you.
You take 3 damage, and have 13/33 hp.
You barely miss the kobold brigand.
The kobold brigand is moderately wounded.
You feel sick. The kobold brigand closely misses you.
The kobold completely misses you. The kobold brigand barely misses you.
The kobold closely misses you.
You take 1 damage, and have 12/33 hp.
You hit the kobold brigand.
The kobold brigand is moderately wounded.
You feel sick.
The kobold brigand hits you with a +0 whip!
* * * LOW HITPOINT WARNING * * *
The kobold hits you with a +0 short sword of venom.
You die...

.......#.###.. ####.##..#
#!# ...##.K.##...
#.##K.†.##.#. #..
#.###.>..#... ....######
##.###KK...# #
........#####...#...##...#
###.. #...KKKK.#....##
#..#
.....##...@##........# #.#
#.......#######......#..
###.....# #....... .
#.....# #........ ##....#
#....S..# #....# ##....#.#
#.....# ....# #.....#
......#


You could see a kobold brigand and 3 kobolds.

Vanquished Creatures
  A black bear (D:5)
  A sky beast (D:6)
  A bullfrog (D:6)
  3 scorpions (D:6)
  A jelly (D:4)
  3 iguanas
  3 orc wizards
  7 adders
  3 dart slugs
  13 orcs
  5 bats
  5 endoplasms
  4 giant cockroaches
  5 goblins
  7 hobgoblins
  7 kobolds
  6 ball pythons
  2 frilled lizards (D:3)
  A goblin zombie (D:4)
  6 rats
  A rat zombie (D:4)
85 creatures vanquished.

Vanquished Creatures (others)
  20 plants (D:3)
20 creatures vanquished.

Grand Total: 105 creatures vanquished

Notes
Turn   | Place    | Note
-------+----------+-------------------------------------------
     0 | D:1      | jasper the Spriggan Conjurer began the quest for the Orb.
     0 | D:1      | Reached XP level 1. HP: 9/9 MP: 5/5
    66 | D:1      | Reached skill level 3 in Conjurations
   227 | D:1      | Found a faded altar of an unknown god.
   247 | D:1      | Reached XP level 2. HP: 13/13 MP: 4/6
  1152 | D:2      | Learned a level 2 spell: Searing Ray
  1183 | D:2      | Noticed Terence
  1698 | D:2      | Reached XP level 3. HP: 14/16 MP: 0/8
  2022 | D:3      | Noticed Sigmund
  2225 | D:3      | Reached skill level 4 in Conjurations
  2227 | D:3      | Reached XP level 4. HP: 21/21 MP: 0/9
  2290 | D:3      | Learned a level 4 spell: Fulminant Prism
  2863 | D:3      | Found a radiant altar of Vehumet.
  3139 | D:4      | Reached XP level 5. HP: 24/24 MP: 2/10
  3563 | D:4      | Found a glowing silver altar of Zin.
  3625 | D:4      | Reached skill level 5 in Conjurations
  4369 | D:4      | Reached XP level 6. HP: 28/28 MP: 7/11
  4600 | D:5      | Entered Level 5 of the Dungeon
  5022 | D:5      | Reached skill level 6 in Conjurations
  5536 | D:6      | Learned a level 3 spell: Stone Arrow
  5547 | D:6      | Reached skill level 1 in Hexes
  5599 | D:6      | Reached XP level 7. HP: 32/32 MP: 4/12
  5961 | D:6      | Reached skill level 1 in Earth Magic
  5964 | D:6      | Found a staircase to the Ecumenical Temple.
  5977 | Temple   | Entered the Ecumenical Temple
  6003 | D:6      | Reached skill level 1 in Fighting
  6042 | D:6      | Slain by a kobold

Illustrated notes

Levels and vault maps discovered:
D:1:      dpeg_arrival_erosion, layout_loops_ring, basic_ecumenical_altar
D:2:      layout_loops_ring, uniq_jessica, uniq_terence
D:3:      layout_loops_ring, mainiacjoe_overflow_chevrons, uniq_sigmund
D:4:      layout_layer_cave, mainiacjoe_overflow_alcove_2, enter_ossuary_4
D:5:      layout_gridville, minmay_misc_feat_doors
D:6:      layout_basic, nicolae_overflow_hidden_temple,
          minmay_temple_entry_wispy, minmay_misc_feat_rows
Temple:   hellmonk_temple_micro_hex

Skill      XL: |  1  2  3  4  5  6  7 |
---------------+----------------------+-----
Conjurations   | 3 4 5 6 |  6.0
Spellcasting   | 3 |  3.5
Hexes          | 1 2 |  2.9
Dodging        | 3 |  3.6
Earth Magic    | 1 |  1.2
Fighting       | 1 |  1.1
Stealth        | 4 |  4.0

Action                     |  1- 3 |  4- 6 |  7- 9 || total
---------------------------+-------+-------+-------++-------
  Melee: Dagger            |     8 |       |       ||     8
         War axe           |       |     4 |       ||     4
         Falchion          |       |     3 |       ||     3
         Rapier            |       |       |     9 ||     9
  Throw: Dart              |     3 |       |       ||     3
   Cast: Magic Dart        |    62 |    80 |     8 ||   150
         Searing Ray       |     7 |    11 |     4 ||    22
    Use: Scroll            |     6 |     8 |       ||    14
         Potion            |       |       |     1 ||     1
 Armour: Robe              |     4 |     2 |     1 ||     7
  Dodge: Dodged            |    21 |    17 |    26 ||    64

Table legend: (Time is in decaauts)
 A = Elapsed time spent in this place.
 B = Non-inter-level travel time spent in this place.
 C = Inter-level travel time spent in this place.
 D = Time resting spent in this place.
 E = Time spent auto-exploring this place.
 F = Levels seen in this place.
 G = Mean time per level.
                   A        B        C        D        E       F      G
               +--------+--------+--------+--------+--------+-----+--------+
         Total |   4528 |   4416 |    112 |    342 |   3419 |   7 |  646.9 |
       Dungeon |   4527 |   4415 |    112 |    342 |   3419 |   6 |  754.5 |
        Temple |      1 |      1 |      0 |      0 |      0 |   1 |    1.0 |
               +--------+--------+--------+--------+--------+-----+--------+

Top non-repeatable levels by time:
     D:4: 1317 daAuts
     D:1: 815 daAuts
     D:3: 699 daAuts
     D:5: 660 daAuts
     D:2: 631 daAuts
     D:6: 403 daAuts
  Temple: 1 daAuts
